 Dungeon Crawl Stone Soup version 0.31-a0-986-g5e6e4ef867 (webtiles) character file.

Game seed: 6127390000557455004

10 Moreman the Firebug (level 2, 9/20 HPs)
             Began as a Draconian Fire Elementalist on Nov 10, 2023.
             Quit the game on level 1 of the Dungeon.
             The game lasted 00:06:55 (305 turns).

Moreman the Firebug (Draconian Fire Elementalist)    Turns: 305, Time: 00:06:56

Health: 9/20       AC:  4    Str: 10    XL:     2   Next: 10%
Magic:  5/5        EV:  9    Int: 15    God:
Gold:   21         SH:  0    Dex: 11    Spells: 4/5 levels left

rFire   . . .        (no weapon)
rCold   . . .        (no shield)
rNeg    . . .        (body armour unavailable)
rPois   .            (helmet restricted)
rElec   .            (no cloak)
rCorr   .            (no gloves)
SInv    .            (no boots)
Will    .....        (no amulet)
Stlth   ++           (no ring)
HPRegen 0.23/turn    (no ring)
MPRegen 0.09/turn

%: no passive effects
@: constricted
A: AC +4, unfitting armour, cold-blooded
a: no special abilities


You were on level 1 of the Dungeon.
You visited 1 branch of the dungeon, and saw 1 of its levels.

You collected 21 gold pieces.

Inventory:

Missiles
 g - 4 boomerangs
Armour
 b - a +0 scale mail
Scrolls
 d - 3 scrolls of fog {unknown}
 e - a scroll of teleportation {unknown}
 f - a scroll of identify {unknown}
Potions
 a - a potion of magic
 c - a potion of resistance {unknown}


   Skills:
 + Level 2.1 Dodging
 + Level 2.0 Stealth
 + Level 2.2 Spellcasting
 + Level 1.0 Conjurations
 + Level 3.1 Fire Magic


You had 4 spell levels left.
You knew the following spells:

 Your Spells              Type           Power      Damage    Failure   Level
a - Foxfire               Conj/Fire      28%        2x1d5     10%         1

Your spell library contained the following spells:

 Spells                   Type           Power      Damage    Failure   Level
 Scorch                   Fire           20%        2d5       10%         2
 Inner Flame              Hex/Fire       6%         N/A       34%         3
 Volatile Blastmotes      Fire/Tloc      12%        2d11      34%         3
 Flame Wave               Conj/Fire      7%         2d5       67%         4


Dungeon Overview and Level Annotations

Branches:
Dungeon (1/15)

Altars:

Shops:
D:1 *


Innate Abilities, Weirdness & Mutations

Your plain brown scales are hard. (AC +4)
You cannot fit into any form of body armour.
You are cold-blooded and may be slowed by cold attacks.


Message History

The ball python closely misses you. The ball python barely misses you.
The rat attacks as it pursues you! The rat bites you.
* * * LOW HITPOINT WARNING * * *
The bat hits you but does no damage.
There is an open door here.
The ball python attacks as it pursues you!
The ball python bites you but does no damage.
The ball python grabs you. The ball python constricts you.
The ball python bites you but does no damage.
The ball python constricts you.
* * * LOW HITPOINT WARNING * * *
You escape the ball python's grasp.
The ball python attacks as it pursues you!
The ball python bites you but does no damage.
The ball python closely misses you.
The ball python bites you but does no damage.
The ball python grabs you. The ball python constricts you.
You escape the ball python's grasp.
You open the door. The ball python closely misses you. x2
There is an open door here.
The ball python barely misses you. The ball python grabs you.
The ball python constricts you.
You escape the ball python's grasp.
The ball python closely misses you. The ball python grabs you.
The ball python constricts you.
You escape the ball python's grasp.
You see here a +0 club.
A quokka comes into view.
Found 7 gold pieces.
The ball python bites you but does no damage.
The ball python barely misses you.
There is an entrance to Wonaapruvu's General Store here.
There are no items here.
The ball python barely misses you. The ball python grabs you.
The ball python constricts you.
The ball python's grasp on you weakens, but your attempt to escape fails.
The ball python bites you but does no damage.
The ball python constricts you.
Unknown command.
Are you sure you want to abandon this character and quit the game? (Confirm with "yes".)

##......$..# ###
...r......# ###....
#.........# .......
#.........# .....#
#.........#
#########
#.........#
........#+#
#.......#
........#.#
#.@....#
......###.###
###S####
......#..<..# #g#
..#######.#######J#
..r........rJ.J.'J#
.÷####.#####.####.#
....##.#####.####>#
b...'.........J...#
.J.######.#######†#


You could see 2 endoplasms, a quokka, a hobgoblin and a ball python.

Vanquished Creatures
  A ball python (D:1)
  An endoplasm (D:1)
  3 hobgoblins (D:1)
  2 quokkas (D:1)
  A frilled lizard (D:1)
8 creatures vanquished.

Vanquished Creatures (others)
  19 foxfires (D:1)
19 creatures vanquished.

Grand Total: 27 creatures vanquished

Notes
Turn   | Place    | Note
-------+----------+-------------------------------------------
     0 | D:1      | Moreman the Draconian Fire Elementalist began the quest for
                  | the Orb.
     0 | D:1      | Reached XP level 1. HP: 14/14 MP: 3/3
   190 | D:1      | Reached XP level 2. HP: 20/20 MP: 1/5
   230 | D:1      | Found Wonaapruvu's General Store.
   305 | D:1      | Quit the game

Illustrated notes

Levels and vault maps discovered:
D:1:      shiori_shiawase, layout_rooms, serial_shops, shop

Skill      XL: |  1  2 |
---------------+-------+-----
Dodging        | 2 |  2.1
Stealth        | 2 |  2.0
Spellcasting   | |  2.2
Conjurations   | |  1.0
Fire Magic     | |  3.1

Action                     || total
---------------------------++-------
  Melee: Unarmed           ||    20
         Tailslap          ||     3
         Punch             ||     1
   Cast: Foxfire           ||    16
 Armour: Skin              ||    55
  Dodge: Dodged            ||    76

Table legend: (Time is in decaauts)
 A = Elapsed time spent in this place.
 B = Non-inter-level travel time spent in this place.
 C = Inter-level travel time spent in this place.
 D = Time resting spent in this place.
 E = Time spent auto-exploring this place.
 F = Levels seen in this place.
 G = Mean time per level.
                   A        B        C        D        E       F      G
               +--------+--------+--------+--------+--------+-----+--------+
         Total |    313 |    313 |      0 |      0 |      0 |   1 |  313.0 |
       Dungeon |    313 |    313 |      0 |      0 |      0 |   1 |  313.0 |
               +--------+--------+--------+--------+--------+-----+--------+

Top non-repeatable levels by time:
     D:1: 313 daAuts
